 Dungeon Crawl Stone Soup version 0.31.0-32-g396128a36d (webtiles) character file.

Game seed: 4414706369853758380

17 Tovical the Ducker (level 2, 0/19 HPs)
             Began as a Tengu Monk on Mar 29, 2024.
             Slain by a scorpion (4 damage)
             ... on level 4 of the Dungeon.
             The game lasted 00:00:56 (196 turns).

Tovical the Ducker (Tengu Monk)                      Turns: 196, Time: 00:00:57

Health: 0/19       AC:  2    Str: 11    XL:     2   Next: 62%
Magic:  3/3        EV: 13    Int: 10    God:
Gold:   19         SH:  0    Dex: 16    Spells: 1/1 levels left

rFire   . . .        a - +0 spear
rCold   . . .        d - orb {light}
rNeg    . . .        b - +0 robe
rPois   .            (helmet restricted)
rElec   .            (no cloak)
rCorr   .            (no gloves)
SInv    .            (boots unavailable)
Will    .....        (no amulet)
Stlth   +            (no ring)
HPRegen 0.23/turn    (no ring)
MPRegen 0.08/turn

%: acrobat
@: lethally poisoned (0 -> -18), glowing
A: beak, talons 3, acrobatic
a: no special abilities


You were on level 4 of the Dungeon.
You visited 1 branch of the dungeon, and saw 4 of its levels.

You collected 19 gold pieces.

Inventory:

Hand Weapons
 a - a +0 spear (weapon)
Armour
 b - a +0 robe (worn)
 d - an orb of light (worn)
Potions
 c - a potion of ambrosia
 e - a potion of haste {unknown}


   Skills:
 + Level 3.3 Fighting
 + Level 3.6 Polearms
 + Level 3.6 Dodging


You had one spell level left.
You didn't know any spells.
Your spell library was empty.

Dungeon Overview and Level Annotations

Branches:
Dungeon (4/15)
 Temple: D:4-7

Altars:


Innate Abilities, Weirdness & Mutations

You have a beak for a mouth.
You have claws for feet.
You can magically evade attacks while moving or waiting.


Message History

Found a stone staircase leading down.
There is a stone staircase leading up here.
There is a stone staircase leading down here.
You climb downwards.
Found 18 gold pieces.
There is a stone staircase leading up here.
A scorpion is nearby!
Found a long sword.
Found a hand axe.
You reach to attack!
You hit the scorpion.
The scorpion is moderately wounded.
You hit the scorpion but do no damage. Your peck misses the scorpion.
The scorpion is moderately wounded.
The scorpion closely misses you.
You hit the scorpion but do no damage.
The scorpion is moderately wounded.
The scorpion stings you.
You hit the scorpion.
The scorpion is moderately wounded.
The scorpion stings you. x2
You are lethally poisoned!
The scorpion poisons you!
You hit the scorpion. Your kick misses the scorpion.
The scorpion is heavily wounded.
You feel very sick. The scorpion barely misses you.
You hit the scorpion but do no damage.
The scorpion is heavily wounded.
You feel very sick. The scorpion stings you.
You are more poisoned.
The scorpion poisons you!
You are too injured to fight recklessly!
You are too injured to fight recklessly!
You hit the scorpion. You claw the scorpion.
The scorpion is heavily wounded.
* * * LOW HITPOINT WARNING * * *
You feel very sick. The scorpion stings you.
You die...

########
#......#.###
#.......^...
#<.#+#+####
##.@s.....#
#...........#
#####......)#
)$.#+####
####


You could see a scorpion.

Vanquished Creatures
  An adder (D:2)
  An endoplasm (D:2)
  4 jackals
  A ball python (D:1)
  A kobold (D:2)
8 creatures vanquished.

Notes
Turn   | Place    | Note
-------+----------+-------------------------------------------
     0 | D:1      | Tovical the Tengu Monk began the quest for the Orb.
     0 | D:1      | Reached XP level 1. HP: 14/14 MP: 2/2
    73 | D:2      | Reached XP level 2. HP: 19/19 MP: 3/3
   187 | D:4      | Noticed a scorpion
   196 | D:4      | Slain by a scorpion

Illustrated notes

Levels and vault maps discovered:
D:1:      tekkud_arrival_beachfront_property, layout_rooms,
          chequers_ecumenical_altar_island
D:2:      layout_loops_corners, serial_shops, shop, fountainhead
D:3:      layout_loops_corners, nicolae_qazlal_general_emergency, serial_rivers,
          chequers_serial_rivers_micro_e, chequers_serial_rivers_micro_d,
          chequers_serial_rivers_small_3, chequers_serial_rivers_micro_d,
          chequers_serial_rivers_micro_c, chequers_serial_rivers_small_b,
          nicolae_nh_oracle_at_delphi, uniq_grinder
D:4:      kennysheep_kobold_camp, layout_basic, demons_altar,
          trog_ov_bears_minmay, gammafunk_ghost_mausoleum,
          kennysheep_generic_room_14

Action                     || total
---------------------------++-------
  Melee: Spear             ||    23
         Kick              ||     7
    Use: Scroll            ||     1
 Armour: Robe              ||    14
  Dodge: Dodged            ||    13
